 Dungeon Crawl Stone Soup version 0.27-a0-277-g024f7ef292 (webtiles) character file.

Game seed: 8591147168534574147

660 dolemite99 the Firebug (level 7, -2/51 HPs)
             Began as a Gnoll Fire Elementalist on Feb 6, 2021.
             Slain by an orc
             ... wielding a +0 war axe
              (5 damage)
             ... on level 6 of the Dungeon.
             The game lasted 00:08:43 (7931 turns).

dolemite99 the Firebug (Gnoll Fire Elementalist)    Turns: 7931, Time: 00:08:44

Health: -2/51      AC:  4    Str:  8    XL:     7   Next: 56%
Magic:  15/15      EV: 11    Int: 16    God:
Gold:   191        SH:  5    Dex: 12    Spells: 13/17 levels left

rFire    . . .     SeeInvis .   a - +2 dagger (venom)
rCold    . . .     Faith    .   (no shield)
rNeg     . . .     Spirit   .   H - +0 robe
rPois    .         Reflect  +   i - +0 helmet
rElec    .         Harm     .   s - +0 cloak
rCorr    .         Rampage  .   (no gloves)
Will     .....                  (no boots)
Stlth    +++.......             t - amulet of reflection
HPRegen  0.17/turn              (no ring)
MPRegen  0.14/turn              (no ring)

@: constricted
A: distributed training, fangs 1, strong nose
a: no special abilities


You were on level 6 of the Dungeon.
You visited 1 branch of the dungeon, and saw 6 of its levels.

You collected 191 gold pieces.

Inventory:

Hand Weapons
 a - a +2 dagger of venom (weapon)
 d - a +0 dagger
 u - a +0 hand axe
 v - a +0 falchion of protection
 w - a +0 hunting sling
 x - a +0 hunting sling
 I - a +0 shortbow
Missiles
 j - 244 stones (quivered)
 z - 72 arrows
 F - 19 bolts
Armour
 i - a +0 helmet (worn)
 q - a +0 robe
 s - a +0 cloak (worn)
 D - a +0 buckler
 H - a +0 robe (worn)
Jewellery
 t - an amulet of reflection (around neck)
Wands
 C - a wand of flame (17)
Scrolls
 b - 2 scrolls of magic mapping {unknown}
 c - 3 scrolls of remove curse {unknown}
 e - 2 scrolls of noise {unknown}
 f - 2 scrolls of fear {unknown}
 k - 4 scrolls of identify {unknown}
 l - a scroll of immolation {unknown}
 p - 2 scrolls of amnesia {unknown}
 r - 2 scrolls of teleportation {unknown}
 y - a scroll of enchant armour {unknown}
 G - a scroll of blinking {unknown}
Potions
 g - a potion of magic {unknown}
 h - a potion of berserk rage {unknown}
 m - a potion of curing {unknown}
 n - a potion of attraction {unknown}
 o - 4 potions of heal wounds {unknown}
 A - a potion of brilliance {unknown}
 B - 2 potions of haste {unknown}
 E - a potion of might {unknown}


   Skills:
 + Level 2.5 Fighting
 + Level 2.5 Short Blades
 + Level 2.5 Long Blades
 + Level 2.5 Axes
 + Level 2.5 Maces & Flails
 + Level 2.5 Polearms
 + Level 2.5 Staves
 + Level 2.5 Slings
 + Level 2.5 Bows
 + Level 2.5 Crossbows
 + Level 2.5 Throwing
 + Level 2.5 Armour
 + Level 5.3 Dodging
 + Level 4.9 Stealth
 + Level 2.5 Shields
 + Level 2.5 Unarmed Combat
 + Level 5.6 Spellcasting
 + Level 3.0 Conjurations
 + Level 2.1 Hexes
 + Level 2.1 Summonings
 + Level 2.1 Necromancy
 + Level 2.1 Translocations
 + Level 2.1 Transmutations
 + Level 5.8 Fire Magic
 + Level 2.1 Ice Magic
 + Level 2.1 Air Magic
 + Level 2.1 Earth Magic
 + Level 2.1 Poison Magic
 + Level 2.8 Invocations
 + Level 2.5 Evocations


You had 13 spell levels left.
You knew the following spells:

 Your Spells              Type           Power        Failure   Level
a - Foxfire               Conj/Fire      72%          2%          1
b - Conjure Flame         Conj/Fire      18%          7%          3

Your spell library contained the following spells:

 Spells                   Type           Power        Failure   Level
 Beastly Appendage        Tmut           22%          6%          1
 Wereblood                Tmut           11%          9%          2
 Inner Flame              Hex/Fire       17%          9%          3
 Spider Form              Tmut/Pois      5%           19%         3
 Sticky Flame             Conj/Fire      18%          22%         4
 Ice Form                 Ice/Tmut       11%          52%         4
 Fireball                 Conj/Fire      9%           54%         5
 Blade Hands              Tmut           5%           86%         5


Dungeon Overview and Level Annotations

Branches:
Dungeon (6/15)
 Temple: D:4-7

Altars:
Dithmenos
Gozag
Nemelex Xobeh
The Shining One

Shops:
D:5 (

Annotations:
D:3 1 runed translucent door, dolemite99's ghost, amateur GnFE
D:5 Eustachio


Innate Abilities, Weirdness & Mutations

Your experience applies equally to all skills.
You have very sharp teeth.
Your uncanny sense of smell can sniff out nearby items.


Message History

The ball python hisses angrily.
The orc hits you with a +0 war axe!
A scorpion comes into view.
An orc wizard comes into view. It is wielding a +0 dagger.
The orc barely misses you.
A worm comes into view.
The orc closely misses you. The ball python misses you.
You block the ball python's attack.
There is a stone staircase leading up here.
The ball python bites you but does no damage.
The ball python grabs you.
You stop ascending the stairs.
The ball python constricts you. The ball python barely misses you.
The ball python constricts you.
Unknown command.
The ball python's grasp on you weakens, but your attempt to escape fails.
The orc priest calls down the wrath of Beogh upon you.
Beogh smites you!
* * * LOW HITPOINT WARNING * * *
The orc hits you with a +0 war axe.
You die... .o. o. # #o w #.##. .so

#.... #'# ####c #.#### #.
######.##.### #.
.##.###.@Soo......######.
........o.o.....).†......
###.###.##........#######
#.##....#.#.#
#.##..†[#.#.#
#.##..#.#.#.#
#.##......#.#
#.###.#.###.#
#...........#


You could see an orc warrior, an orc priest, an orc wizard, an orc and a ball
python.

Vanquished Creatures
  An ogre (D:5)
  A centaur (D:6)
  A howler monkey (D:4)
  2 hounds (D:4)
  2 jellies (D:5)
  A bullfrog skeleton (D:4)
  2 iguanas
  A worker ant (D:5)
  2 hound skeletons
  8 adders
  An ooze (D:2)
  An adder skeleton (D:4)
  4 worms
  4 dart slugs
  3 leopard geckos
  5 orcs
  A ball python (D:1)
  10 bats
  11 giant cockroaches
  7 goblins
  11 hobgoblins
  3 jackals (D:3)
  7 kobolds
  A quokka (D:2)
  5 frilled lizards
  A quokka zombie (D:5)
  8 rats
104 creatures vanquished.

Vanquished Creatures (others)
  An orc wizard (D:6)
  427 foxfires
  A plant (D:3)
429 creatures vanquished.

Grand Total: 533 creatures vanquished

Notes
Turn   | Place    | Note
-------+----------+-------------------------------------------
     0 | D:1      | dolemite99 the Gnoll Fire Elementalist began the quest for
                  | the Orb.
     0 | D:1      | Reached XP level 1. HP: 13/13 MP: 6/6
   382 | D:1      | Reached XP level 2. HP: 19/19 MP: 5/7
  1122 | D:1      | Reached XP level 3. HP: 24/25 MP: 3/9
  1379 | D:1      | Reached skill level 5 in Spellcasting
  1710 | D:2      | Reached skill level 1 in Invocations
  1789 | D:2      | Reached skill level 1 in Fighting
  1789 | D:2      | Reached skill level 1 in Short Blades
  1789 | D:2      | Reached skill level 1 in Long Blades
  1789 | D:2      | Reached skill level 1 in Axes
  1789 | D:2      | Reached skill level 1 in Maces & Flails
  1789 | D:2      | Reached skill level 1 in Polearms
  1789 | D:2      | Reached skill level 1 in Staves
  1789 | D:2      | Reached skill level 1 in Slings
  1789 | D:2      | Reached skill level 1 in Bows
  1789 | D:2      | Reached skill level 1 in Crossbows
  1789 | D:2      | Reached skill level 1 in Throwing
  1789 | D:2      | Reached skill level 1 in Armour
  1789 | D:2      | Reached skill level 1 in Shields
  1789 | D:2      | Reached skill level 1 in Unarmed Combat
  1789 | D:2      | Reached skill level 1 in Evocations
  1794 | D:2      | Reached XP level 4. HP: 17/32 MP: 7/11
  2400 | D:2      | Found a faded altar of an unknown god.
  2578 | D:2      | Reached skill level 1 in Hexes
  2578 | D:2      | Reached skill level 1 in Summonings
  2578 | D:2      | Reached skill level 1 in Necromancy
  2578 | D:2      | Reached skill level 1 in Translocations
  2578 | D:2      | Reached skill level 1 in Transmutations
  2578 | D:2      | Reached skill level 1 in Ice Magic
  2578 | D:2      | Reached skill level 1 in Air Magic
  2578 | D:2      | Reached skill level 1 in Earth Magic
  2578 | D:2      | Reached skill level 1 in Poison Magic
  3338 | D:2      | Reached XP level 5. HP: 37/37 MP: 10/12
  3722 | D:3      | Found a runed translucent door.
  4036 | D:3      | Learned a level 3 spell: Conjure Flame
  4274 | D:3      | Noticed dolemite99's ghost (amateur GnFE)
  5206 | D:4      | Reached XP level 6. HP: 40/44 MP: 7/13
  5734 | D:4      | Reached skill level 5 in Dodging
  6120 | D:5      | Entered Level 5 of the Dungeon
  6165 | D:5      | Found a sparkling altar of Nemelex Xobeh.
  6219 | D:5      | Found Qiex's Antique Weapon Shoppe.
  6277 | D:5      | Reached XP level 7. HP: 50/50 MP: 9/15
  6833 | D:5      | Noticed Eustachio
  7407 | D:5      | Found an opulent altar of Gozag.
  7633 | D:5      | Found a glowing golden altar of the Shining One.
  7637 | D:5      | Found a shadowy altar of Dithmenos.
  7931 | D:6      | Slain by an orc

Illustrated notes

Levels and vault maps discovered:
D:1:      minmay_arrival_loop, layout_loops_cross
D:2:      layout_loops_corners, chequers_ecumenical_altar_simple_redux
D:3:      minmay_angry_zag, layout_basic, ebering_ghost_sewer_d, serial_forest,
          infiniplex_forest_corner_1, infiniplex_forest_clump_medium,
          infiniplex_forest_lined_corner, infiniplex_forest_side_room,
          infiniplex_forest_straight_5
D:4:      layout_basic
D:5:      layout_loops_cross, lemuel_crystal_altar,
          nicolae_overflow_hidden_temple, serial_shops, nicolae_shop_crystal,
          uniq_eustachio
D:6:      layout_loops_corners, eat_drink_and_be_merry_uskayaw, serial_shops,
          kennysheep_mini_moat, minmay_between, uniq_grinder, uniq_maggie

Skill      XL: |  1  2  3  4  5  6  7 |
---------------+----------------------+-----
Conjurations   | 2 3 |  3.0
Spellcasting   | 5 |  5.6
Invocations    | 1 2 |  2.8
Fighting       | 1 2 |  2.5
Short Blades   | 1 2 |  2.5
Long Blades    | 1 2 |  2.5
Axes           | 1 2 |  2.5
Maces & Flails | 1 2 |  2.5
Polearms       | 1 2 |  2.5
Staves         | 1 2 |  2.5
Slings         | 1 2 |  2.5
Bows           | 1 2 |  2.5
Crossbows      | 1 2 |  2.5
Throwing       | 1 2 |  2.5
Armour         | 1 2 |  2.5
Shields        | 1 2 |  2.5
Unarmed Combat | 1 2 |  2.5
Evocations     | 1 2 |  2.5
Hexes          | 1 2 |  2.1
Summonings     | 1 2 |  2.1
Necromancy     | 1 2 |  2.1
Translocations | 1 2 |  2.1
Transmutations | 1 2 |  2.1
Ice Magic      | 1 2 |  2.1
Air Magic      | 1 2 |  2.1
Earth Magic    | 1 2 |  2.1
Poison Magic   | 1 2 |  2.1
Dodging        | 5 |  5.3
Stealth        | |  4.9
Fire Magic     | |  5.8

Action                   |  1- 3 |  4- 6 |  7- 9 || total
-------------------------+-------+-------+-------++-------
Melee: Dagger            |     4 |    12 |       ||    16
       Bite              |       |     1 |       ||     1
       Hand axe          |       |     3 |       ||     3
 Fire: Hunting sling     |       |    17 |     6 ||    23
Throw: Stone             |       |     3 |       ||     3
 Cast: Foxfire           |    43 |   146 |    76 ||   265
Armor: Robe              |    17 |    39 |    48 ||   104
Dodge: Dodged            |    44 |   133 |   120 ||   297
Block: Other             |       |    28 |    41 ||    69
       Reflection        |       |       |     1 ||     1

Table legend: (Time is in decaauts)
 A = Elapsed time spent in this place.
 B = Non-inter-level travel time spent in this place.
 C = Inter-level travel time spent in this place.
 D = Time resting spent in this place.
 E = Time spent auto-exploring this place.
 F = Levels seen in this place.
 G = Mean time per level.
                   A        B        C        D        E       F      G
               +--------+--------+--------+--------+--------+-----+--------+
         Total |   7931 |   7725 |    206 |   2252 |   3840 |   6 | 1321.8 |
       Dungeon |   7931 |   7725 |    206 |   2252 |   3840 |   6 | 1321.8 |
               +--------+--------+--------+--------+--------+-----+--------+

Top non-repeatable levels by time:
     D:2: 1723 daAuts
     D:4: 1704 daAuts
     D:1: 1703 daAuts
     D:5: 1369 daAuts
     D:3: 1247 daAuts
     D:6: 183 daAuts
